 Dungeon Sprint DCSS version 0.24-a0-549-g45f0056 (webtiles) character file.

Game seed: 5873515675374894904

8355 Faca the Severer (level 11, -9/104 HPs)
             Began as a Formicid Fighter on Aug 20, 2019.
             Was the Champion of the Shining One.
             Hit by a javelin thrown by a merfolk javelineer (14 damage)
             ... in the Dungeon (Sprint V: "Ziggurat Sprint").
             The game lasted 00:05:16 (1546 turns).

Faca the Severer (Formicid Fighter)                 Turns: 1546, Time: 00:05:16

Health: -9/104     AC: 23    Str: 35    XL:     11   Next: 54%
Magic:  11/11      EV:  9    Int:  9    God:    the Shining One [******]
Gold:   0          SH: 18    Dex: 17    Spells: 10/10 levels left

rFire    . . .     SeeInvis +   J - +5 war axe of Vuosoki {venom, MR+ Dex+7}
rCold    . . .     Gourm    .   o - +3 shield
rNeg     + + +     Faith    .   m - +5 storm dragon scales
rPois    .         Spirit   .   (helmet unavailable)
rElec    +         Reflect  .   O - +1 cloak {MR+}
rCorr    .         Harm     .   (no gloves)
MR       +++..                  (no boots)
Stlth    ..........             (no amulet)
HPRegen  0.27/turn              C - +6 ring of strength
MPRegen  0.12/turn              D - +6 ring of strength

@: glowing
A: permanent stasis, dig shafts and tunnels, four strong arms, antennae 3
a: Dig, Divine Shield, Cleansing Flame, Summon Divine Warrior, Brand Weapon With
Holy Wrath, Renounce Religion


You were in the Dungeon.
You worshipped the Shining One.
The Shining One was exalted by your worship.
You were not hungry.

You visited 1 branch

Inventory:

Hand Weapons
 a - the cursed +2 broad axe "Rofroura" {elec, Dex+3}
   (You found it in the Dungeon)

   Occasionally, upon striking a foe, it will discharge some electrical energy
   and cause terrible harm.
   It affects your dexterity (+3).
   It has a curse placed upon it.
 F - the +0 morningstar "Qenookus" {crush, rPois rC+++ MR+ Dex-4}
   (You found it in the Dungeon)

   It inflicts extra damage upon your enemies.
   It affects your dexterity (-4).
   It renders you almost immune to cold.
   It protects you from poison.
   It affects your resistance to hostile enchantments.
 J - the +5 war axe of Vuosoki (weapon) {venom, MR+ Dex+7}
   (You took it off a merfolk in the Dungeon)

   It poisons the flesh of those it strikes.
   It affects your dexterity (+7).
   It affects your resistance to hostile enchantments.
Armour
 l - +5 gold dragon scales
 m - +5 storm dragon scales (worn)
 n - a +3 large shield
 o - a +3 shield (worn)
 E - the +15 Maxwell's patent armour {-Cast -Tele rElec MR+ rCorr}
   (You found it in the Dungeon)

   It insulates you from electricity.
   It affects your resistance to hostile enchantments.
   It prevents spellcasting.
   It prevents most forms of teleportation.
   It provides partial protection from all sources of acid and corrosion.
 I - the +10 large shield of Ignorance {rN+ Int-4}
   (You found it in the Dungeon)

   It affects your intelligence (-4).
   It protects you from negative energy.
 K - a +2 chain mail of magic resistance
 O - a +1 cloak of magic resistance (worn)
Jewellery
 x - an uncursed ring of flight
 y - a +6 ring of dexterity
 z - a +6 ring of dexterity
 A - a +6 ring of intelligence
 B - a +6 ring of intelligence
 C - a +6 ring of strength (left hand)
 D - a +6 ring of strength (right hand)
Wands
 t - a wand of disintegration (7)
 v - a wand of iceblast (7)
 w - a wand of acid (7)
Scrolls
 b - 4 scrolls of amnesia
 c - 7 scrolls of fog
 h - a scroll of holy word
 j - 5 scrolls of identify
 k - 5 scrolls of remove curse
 p - 2 scrolls of fear
 G - 2 scrolls of brand weapon
 H - 4 scrolls of enchant weapon
Potions
 d - 5 potions of might
 e - 9 potions of curing
 g - 5 potions of heal wounds
 i - 7 potions of magic
 q - 2 potions of brilliance
 r - 2 potions of invisibility
 s - 4 potions of resistance
 u - 5 potions of agility
 L - a potion of ambrosia {unknown}
 N - a potion of flight {unknown}
Comestibles
 f - 6 rations


   Skills:
 + Level 15.8 Fighting
 + Level 15.9 Axes
 + Level 12.5 Armour
 + Level 13.5 Shields


You had 10 spell levels left.
You didn't know any spells.
Your spell library contained the following spells:

 Spells                   Type           Power        Failure   Level  Hunger
 Apportation              Tloc           #.....       77%         1    ##.....
 Summon Butterflies       Summ           #.......     77%         1    ##.....
 Corpse Rot               Necr           N/A          88%         2    ###....
 Shroud of Golubria       Chrm/Tloc      #.....       88%         2    ###....
 Slow                     Hex            #.......     88%         2    ###....
 Sublimation of Blood     Necr           #.........   88%         2    ###....
 Gell's Gravitas          Tloc           #.........   98%         3    ####...
 Lesser Beckoning         Tloc           #.........   98%         3    ####...
 Spider Form              Tmut/Pois      #.........   98%         3    ####...
 Teleport Other           Tloc           #.......     98%         3    ####...
 Tukima's Dance           Hex            #.......     98%         3    ####...
 Olgreb's Toxic Radiance  Pois           #.......     100%        4    #####..
 Passage of Golubria      Tloc           N/A          100%        4    #####..
 Agony                    Necr           #.......     100%        5    ######.
 Alistair's Intoxication  Tmut/Pois      #.......     100%        5    ######.
 Bolt of Draining         Conj/Necr      #.........   100%        5    ######.
 Dispel Undead            Necr           #.......     100%        5    ######.
 Excruciating Wounds      Chrm/Necr      #.........   100%        5    ######.
 Venom Bolt               Conj/Pois      #.........   100%        5    ######.
 Invisibility             Hex            #.......     100%        6    #######
 Blink                    Tloc           Unusable     N/A         2    N/A

Dungeon Overview and Level Annotations

Branches:
Dungeon (1/1)

Altars:
Ashenzari
Cheibriados
Dithmenos
Elyvilon
Fedhas
Gozag
Hepliaklqana
Kikubaaqudgha
Makhleb
Nemelex Xobeh
Okawaru
Qazlal
Ru
Sif Muna
Trog
Uskayaw
Vehumet
Wu Jian
Xom
Yredelemnul
Zin
The Shining One
Beogh
Jiyva
Lugonu

Annotations:
D 1 transporter


Innate Abilities, Weirdness & Mutations

You cannot be hasted, slowed, berserked, paralysed or teleported.
You can dig through walls and to a lower floor.
Your four strong arms can wield two-handed weapons with a shield.
You have a pair of large antennae on your head. (SInv)


Message History

The merfolk siren chants a haunting song.
You resist with almost no effort.
The merfolk siren chants a haunting song.
You resist with some effort. You block the snapping turtle's attack.
The merfolk javelineer hits you but does no damage.
You barely miss the merfolk javelineer.
The merfolk javelineer is lightly wounded.
You hit the merfolk siren.
The merfolk siren is poisoned.
You hit the snapping turtle but do no damage.
The snapping turtle looks as sick as possible!
You slash the manticore!
The manticore looks as sick as possible!
You closely miss the merfolk siren.
You block the merfolk javelineer's attack.
The manticore bites you!
* * * LOW HITPOINT WARNING * * *
The manticore claws you but does no damage. x2
The merfolk javelineer throws a javelin.
The javelin pierces through you!
You die...

▓.........▓.▓...▓.▓
▓....©....▓...©...▓
▓▓▓▓▓▓▓▓▓▓▓▓▓▓▓▓▓▓▓▓▓
▓...8©8≈..▓...8©8...▓
▓≈.):[:≈..▓..})[=[..▓
▓.≈=="))..▓....[|...▓
▓......≈≈.▓.........▓
▓≈.≈≈m≈...▓.....)...▓
▓(..mt@m..▓...)))...▓
▓..≈mH.m..▓...).....▓
▓.≈.)≈≈..≈▓.▓.....▓.▓
▓.▓≈≈≈≈.▓≈▓....©....▓
▓..(≈©≈≈≈.▓▓▓▓▓▓▓▓▓▓▓
▓▓▓▓▓▓▓▓▓▓▓


{{{{{{{{ {{{{{{{{{ { {{{{{{{{{{{{{{{{{{ You could see 3 merfolk javelineers, a
snapping turtle, a manticore and 2 merfolk sirens.

Vanquished Creatures
  Erolcha (D)
  Erica (D)
  A merfolk aquamancer (D)
  A sea snake (D)
  A harpy (D)
  2 cyclopes (D)
  2 rime drakes (D)
  An ice devil (D)
  A freezing wraith (D)
  6 merfolk (D)
  4 hippogriffs (D)
  Sigmund (D)
  Edmund (D)
  Duvessa (D)
  A floating eye (D)
  An ice beast (D)
  A necrophage (D)
  6 phantoms (D)
  Blork the orc (D)
  Dowan (D)
  3 jellies (D)
  Crazy Yiuf (D)
  3 orc priests (D)
  Jessica (D)
  An orc wizard (D)
  A mummy (D)
  2 white imps (D)
  An ooze (D)
  4 orcs (D)
  A bat skeleton (D)
  A jackal zombie (D)
  A leopard gecko zombie (D)
  2 quokka skeletons (D)
57 creatures vanquished.

Notes
Turn   | Place    | Note
-------+----------+-------------------------------------------
     0 | D        | Faca the Formicid Fighter began the quest for the Orb.
     0 | D        | Reached XP level 1. HP: 18/18 MP: 1/1
     3 | D        | Found a blossoming altar of Fedhas.
     4 | D        | Found the +6 Majin-Bo {vamp, Archmagi MP+6 Int+6}
     4 | D        | Found the +7 great mace "Firestarter" {inner flame, rF++}
    30 | D        | Found a viscous altar of Jiyva.
    30 | D        | Found a transporter.
    30 | D        | Found a hazy altar of Hepliaklqana.
    30 | D        | Found an ancient bone altar of Kikubaaqudgha.
    30 | D        | Found an opulent altar of Gozag.
    30 | D        | Found a corrupted altar of Lugonu.
    31 | D        | Found a burning altar of Makhleb.
    32 | D        | Found a sacrificial altar of Ru.
    32 | D        | Found a stormy altar of Qazlal.
    32 | D        | Found a shimmering blue altar of Sif Muna.
    32 | D        | Found an iron altar of Okawaru.
    32 | D        | Found a bloodstained altar of Trog.
    32 | D        | Found a sparkling altar of Nemelex Xobeh.
    39 | D        | Reached XP level 2. HP: 24/24 MP: 2/2
    53 | D        | Found the +6 shillelagh "Devastator" {shatter}
    53 | D        | Found the +11 plutonium sword {*Contam Stlth-}
    53 | D        | Found the +8 lance "Wyrmbane" {slay drac, rPois rF+ rC+
                  | AC+3}
    53 | D        | Found the +9 sword of Zonguldrok {reap}
    53 | D        | Found the cursed +13 scythe of Curses {drain, *Curse}
    53 | D        | Found the +0 sword of Power
    53 | D        | Found the +7 mace of Variability {chain chaos}
    53 | D        | Found the +7 Singing Sword {slice, sonic wave}
    53 | D        | Found the +8 storm bow {elec, penet}
    54 | D        | Found the +9 heavy crossbow "Sniper" {velocity, Acc+∞ SInv}
    54 | D        | Found the +10 dark maul {crush}
    54 | D        | Found the +15 Maxwell's patent armour {-Cast -Tele rElec
                  | MR+ rCorr}
    54 | D        | Found the +18 shield of the Gong {rElec rN+ MR+ EV-5}
    54 | D        | Found the cursed +14 obsidian axe {chop, +Fly SInv *Curse}
    69 | D        | Became a worshipper of the Shining One
    82 | D        | Entered arena 2.
    82 | D        | Reached * piety under the Shining One
    82 | D        | Found a transporter.
    97 | D        | Entered arena 3.
    97 | D        | Noticed a necrophage
    97 | D        | Reached ** piety under the Shining One
    97 | D        | Noticed a phantom
    97 | D        | Noticed a phantom
    97 | D        | Found a transporter.
   105 | D        | Killed a necrophage
   105 | D        | Reached *** piety under the Shining One
   105 | D        | Reached XP level 3. HP: 35/35 MP: 3/3
   105 | D        | Reached XP level 4. HP: 41/41 MP: 4/4
   105 | D        | Reached XP level 5. HP: 47/47 MP: 5/5
   109 | D        | Killed a phantom
   109 | D        | Reached skill level 10 in Axes
   109 | D        | Reached XP level 6. HP: 54/56 MP: 6/6
   117 | D        | Killed a phantom
   123 | D        | Got the +0 morningstar "Qenookus" {crush, rPois rC+++ MR+
                  | Dex-4}
   125 | D        | Entered arena 4.
   125 | D        | Reached **** piety under the Shining One
   125 | D        | Found a transporter.
   145 | D        | Entered arena 5.
   145 | D        | Reached ***** piety under the Shining One
   145 | D        | Found a transporter.
   152 | D        | Reached skill level 10 in Fighting
   152 | D        | Reached XP level 7. HP: 26/66 MP: 7/7
   352 | D        | Got the Disquisition on Poisoning and Curses
   355 | D        | Entered arena 6.
   355 | D        | Found a transporter.
   356 | D        | Found the +10 large shield of Ignorance {rN+ Int-4}
   371 | D        | Entered arena 7.
   371 | D        | Noticed a hippogriff
   371 | D        | Noticed a hippogriff
   371 | D        | Noticed a merfolk
   371 | D        | Noticed a merfolk
   371 | D        | Noticed a cyclops
   371 | D        | Noticed a hippogriff
   371 | D        | Reached ****** piety under the Shining One
   379 | D        | Killed a hippogriff
   379 | D        | Reached XP level 8. HP: 51/75 MP: 8/8
   384 | D        | Killed a hippogriff
   384 | D        | Reached skill level 5 in Armour
   384 | D        | Reached skill level 5 in Shields
   390 | D        | Killed a hippogriff
   392 | D        | Killed a cyclops
   392 | D        | Reached XP level 9. HP: 54/83 MP: 9/9
   393 | D        | Found a transporter.
   399 | D        | Killed a merfolk
   403 | D        | Killed a merfolk
   665 | D        | Entered arena 8.
   665 | D        | Noticed a merfolk
   665 | D        | Noticed a merfolk
   665 | D        | Noticed a hippogriff
   665 | D        | Noticed a merfolk
   665 | D        | Noticed a merfolk
   665 | D        | Noticed a cyclops
   666 | D        | Identified the +5 war axe of Vuosoki {venom, MR+ Dex+7}
   668 | D        | Found a transporter.
   672 | D        | Killed a hippogriff
   679 | D        | Killed a cyclops
   679 | D        | Killed a merfolk
   685 | D        | Killed a merfolk
   685 | D        | Reached skill level 10 in Shields
   685 | D        | Reached XP level 10. HP: 22/93 MP: 10/10
   688 | D        | HP: 4/93 [merfolk/the +5 war axe of Vuosoki {venom, MR+
                  | Dex+7} (17)]
   961 | D        | Got the ring "Jijyokhlu" {AC+2 Int+2}
   964 | D        | Entered arena 9.
   964 | D        | Noticed an ice devil
   964 | D        | Noticed a rime drake
   964 | D        | Noticed a freezing wraith
   964 | D        | Noticed a rime drake
   965 | D        | Found the +12 glaive of Prune {chop}
   965 | D        | Found a transporter.
   970 | D        | Killed a rime drake
   970 | D        | Reached skill level 10 in Armour
   972 | D        | Killed a rime drake
   976 | D        | Killed a freezing wraith
   978 | D        | Killed an ice devil
   984 | D        | Got the cursed +2 broad axe "Rofroura" {elec, Dex+3}
  1256 | D        | Entered arena 10.
  1257 | D        | Found a transporter.
  1278 | D        | Entered arena 11.
  1278 | D        | Noticed Sigmund
  1278 | D        | Noticed Jessica
  1278 | D        | Noticed Blork the orc
  1278 | D        | Noticed Crazy Yiuf
  1278 | D        | Noticed Dowan
  1278 | D        | Noticed Duvessa
  1278 | D        | Noticed Edmund
  1278 | D        | Noticed Erica
  1278 | D        | Noticed Erolcha
  1279 | D        | Found the +9 staff of Wucad Mu {channel}
  1279 | D        | Identified the +11 arbalest of the Absolute Madman
                  | {velocity, *Contam Dex+3}
  1280 | D        | Found a transporter.
  1282 | D        | Killed Jessica
  1282 | D        | Reached skill level 15 in Axes
  1284 | D        | Killed Duvessa
  1284 | D        | Killed Edmund
  1286 | D        | Killed Blork the orc
  1287 | D        | Killed Crazy Yiuf
  1288 | D        | Killed Erolcha
  1288 | D        | Reached skill level 15 in Fighting
  1288 | D        | Reached XP level 11. HP: 37/102 MP: 11/11
  1288 | D        | Killed Dowan
  1291 | D        | Killed Erica
  1294 | D        | Killed Sigmund
  1531 | D        | Entered arena 12.
  1531 | D        | Noticed a sea snake
  1531 | D        | Noticed a merfolk javelineer
  1531 | D        | Noticed a merfolk javelineer
  1531 | D        | Noticed a merfolk siren
  1531 | D        | Noticed a manticore
  1532 | D        | Identified the cursed +1 great mace of Xopnocy {drain,
                  | Str+4}
  1532 | D        | Noticed a merfolk siren
  1532 | D        | Noticed a harpy
  1532 | D        | Noticed a merfolk javelineer
  1532 | D        | Noticed a merfolk aquamancer
  1533 | D        | Found a transporter.
  1535 | D        | Killed a harpy
  1541 | D        | Killed a merfolk aquamancer
  1541 | D        | Killed a sea snake
  1546 | D        | HP: 5/104 [manticore (14)]
  1546 | D        | Hit by a javelin thrown by a merfolk javelineer

Levels and vault maps discovered:
D:        sprint_v [room_start, room_1, room_2, room_3, room_4, room_5, room_6,
          room_7, room_8, room_9, room_10, room_11, room_12, room_13, room_14,
          room_15, room_16, room_17, room_18, room_19, room_20, room_21,
          room_22, room_23, room_24, room_25, room_26, room_27]

Skill      XL: |  1  2  3  4  5  6  7  8  9 10 11 |
---------------+----------------------------------+-----
Axes           | 7 9 10 11 12 13 14 15 | 15.9
Fighting       | 6 8 10 11 12 13 15 | 15.8
Armour         | 4 6 9 11 12 | 12.5
Shields        | 4 7 10 12 13 | 13.5

Action                   |  1- 3 |  4- 6 |  7- 9 | 10-12 || total
-------------------------+-------+-------+-------+-------++-------
Melee: War axe           |     8 |    21 |     5 |    42 ||    76
       Hand axe          |       |       |    43 |     5 ||    48
  Use: Potion            |     1 |       |     1 |     6 ||     8
  Eat: Ration            |       |       |       |     1 ||     1
Armor: Storm dragon scal |     5 |     9 |    25 |    48 ||    87
Dodge: Dodged            |     2 |     3 |    18 |    16 ||    39
Block: Shield            |     9 |     9 |    56 |    65 ||   139

Table legend:
 A = Non-vault XP
 B = Vault XP
 C = Vault XP percentage of total XP
 D = Non-vault monster count
 E = Vault monster count
 F = Vault count percentage of total count
                 A         B        C        D         E       F
            +---------+---------+-------+---------+---------+-------
      Total |       0 |   11928 | 100.0 |       0 |      57 | 100.0
            +---------+---------+-------+---------+---------+-------
          D |       0 |   11928 | 100.0 |       0 |      57 | 100.0
            +---------+---------+-------+---------+---------+-------
